 Dungeon Crawl Stone Soup version 0.30-a0-860-g512cf1e979 (webtiles) character file.

Game seed: 9476390124112118499

646 demibob the Basher (level 7, -4/52 HPs)
             Began as a Hill Orc Wanderer on Mar 8, 2023.
             Was an Initiate of Beogh.
             Killed from afar by an orc wizard (5 damage)
             ... with a magic dart
             ... on level 5 of the Dungeon.
             The game lasted 00:07:09 (4070 turns).

demibob the Basher (Hill Orc Wanderer)              Turns: 4070, Time: 00:07:10

Health: -4/52      AC: 13    Str: 17    XL:     7   Next: 52%
Magic:  10/10      EV:  9    Int: 13    God:    Beogh [......]
Gold:   192        SH:  0    Dex:  9    Spells: 11/11 levels left

rFire   . . .      SeeInvis .    a - +2 mace (protect)
rCold   . . .      Faith    .    (no shield)
rNeg    . . .      Spirit   .    c - +0 scale mail
rPois   .          Reflect  .    (no helmet)
rElec   .          Rampage  .    (no cloak)
rCorr   .                        (no gloves)
Will    .....                    (no boots) Stlth
                                 (no amulet)
HPRegen 0.28/turn                (no ring)
MPRegen 0.12/turn                (no ring)

@: mighty, under a protective aura
A: no striking features
a: Renounce Religion


You were on level 5 of the Dungeon.
You worshipped Beogh.
Beogh was noncommittal.
You visited 1 branch of the dungeon, and saw 5 of its levels.

You collected 192 gold pieces.


   Skills:
 - Level 1.6 Fighting
 * Level 8.0 Maces & Flails
 - Level 3.0 Armour
 - Level 2.5 Spellcasting
 - Level 2.2 Summonings
 - Level 2.2 Necromancy


You had 11 spell levels left.
You didn't know any spells.
Your spell library contained the following spells:

 Spells                   Type           Power      Damage    Failure   Level
 Necrotise                Necr           28%        1d5       32%         1
 Summon Small Mammal      Summ           28%        N/A       32%         1
 Call Imp                 Summ           7%         N/A       43%         2
 Kiss of Death            Conj/Necr      16%        2d6       45%         1
 Vampiric Draining        Necr           7%         2d6       67%         3
 Summon Guardian Golem    Hex/Summ       4%         N/A       83%         3
 Confusing Touch          Hex            1%         N/A       94%         3
 Dispel Undead            Necr           7%         3d8       97%         4

Inventory:

Hand Weapons
 a - a +2 mace of protection (weapon)
 d - a +0 club
 l - a +0 flail
Missiles
 m - a throwing net {=f}
Armour
 c - a +0 scale mail (worn)
Scrolls
 e - 3 scrolls of identify {@r1}
 f - a scroll of magic mapping
 g - a scroll of blinking
 h - a scroll of teleportation {@r2}
 i - a scroll of poison
 j - a scroll of amnesia
Potions
 k - a potion of lignification
 n - 2 potions of curing {@q1}

Dungeon Overview and Level Annotations

Branches:
Dungeon (5/15)
 Temple: D:4-7

Altars:
Vehumet

....... ......## ....
.........### ....
.......#...# .....
.......###.## #...
............## #J..
.........[...####oJ#
....†.........$.#o#
......####..)...@o#
.......#####.....##
........# ##†...###.
......... #........#
................##...#
.....<...####...#
.#... .........# ##.##
# ## ......... #..
......... #...


You could see an orc warrior, 2 jellies, an orc wizard and an orc.


Message History

You resist with some effort.
You closely miss the orc warrior.
The orc warrior is heavily wounded.
The orc warrior grunts, "I wonder, will Beogh raise you from the dead?"
The orc warrior barely misses you.
The orc wizard hits you but does no damage.
You thump the orc warrior!
The orc warrior is almost dead.
The orc warrior hits you but does no damage.
The orc wizard hits you with a +0 dagger.
* * * LOW HITPOINT WARNING * * *
You hit the orc warrior.
The orc warrior is almost dead.
The orc warrior barely misses you. The orc wizard closely misses you.
You barely miss the orc warrior.
The orc warrior is almost dead.
The orc warrior hits you but does no damage.
The orc wizard hits you but does no damage.
You barely miss the orc warrior. Your punch misses the orc warrior.
The orc warrior is almost dead.
The orc warrior hits you but does no damage.
The orc wizard hits you but does no damage.
You completely miss the orc warrior.
The orc warrior is almost dead.
The orc warrior hits you with a +0 trident!
* * * LOW HITPOINT WARNING * * *
The orc wizard casts a spell at you. The magic dart hits you.
You die...
Beogh appreciates the orc wizard's killing of a heretic priest.

Skill      XL: |  1  2  3  4  5  6  7 |
---------------+----------------------+-----
Maces & Flails | 1 2 3 5 6 8 |  8.0
Armour         | 3 |  3.0
Fighting       | |  1.6
Spellcasting   | |  2.5
Summonings     | |  2.2
Necromancy     | |  2.2

Action                     |  1- 3 |  4- 6 |  7- 9 || total
---------------------------+-------+-------+-------++-------
  Melee: Club              |   184 |       |       ||   184
         Punch             |     1 |     2 |     2 ||     5
         Flail             |    48 |    56 |       ||   104
         Mace              |       |   165 |    63 ||   228
 Invoke: Convert to Beogh  |       |     1 |       ||     1
    Use: Scroll            |     4 |     6 |     3 ||    13
         Potion            |     1 |     1 |     2 ||     4
 Armour: Scale mail        |   132 |   141 |    51 ||   324
  Dodge: Dodged            |   123 |   151 |    42 ||   316

Levels and vault maps discovered:
D:1:      kennysheep_arrival_forest, layout_loops_corners
D:2:      layout_basic
D:3:      layout_basic, vehumet_crystals
D:4:      layout_basic
D:5:      layout_rooms, minmay_temple_entry_offerings, uniq_ijyb

Notes
Turn   | Place    | Note
-------+----------+-------------------------------------------
     0 | D:1      | demibob the Hill Orc Wanderer began the quest for the Orb.
     0 | D:1      | demibob set off with the following items: a +0 club, a
                  | scroll of blinking, a +0 scale mail; and the following
                  | spells available to memorise: Necrotise, Summon Small
                  | Mammal, Call Imp, Vampiric Draining, Summon Guardian Golem.
     0 | D:1      | Reached XP level 1. HP: 16/16 MP: 3/3
   286 | D:1      | Reached XP level 2. HP: 21/23 MP: 3/5
   595 | D:1      | HP: 2/23 [giant cockroach (2)]
   884 | D:1      | Reached skill level 1 in Maces & Flails
   916 | D:1      | Reached XP level 3. HP: 27/28 MP: 6/6
  1332 | D:2      | Reached skill level 2 in Maces & Flails
  1629 | D:3      | Found a radiant altar of Vehumet.
  1643 | D:3      | Reached skill level 3 in Armour
  1643 | D:3      | Reached XP level 4. HP: 27/35 MP: 7/7
  1910 | D:3      | Identified the +1 robe of Claustrophobia {rF+ Archmagi}
  2203 | D:2      | Reached skill level 3 in Maces & Flails
  2497 | D:2      | Reached XP level 5. HP: 27/40 MP: 8/8
  2955 | D:4      | Reached skill level 4 in Maces & Flails
  3097 | D:4      | Noticed a black bear
  3113 | D:4      | Killed a black bear
  3114 | D:4      | Reached skill level 5 in Maces & Flails
  3114 | D:4      | Reached XP level 6. HP: 17/47 MP: 9/9
  3249 | D:4      | Became a worshipper of Beogh the Brigand
  3314 | D:4      | Reached skill level 6 in Maces & Flails
  3819 | D:4      | Reached XP level 7. HP: 50/52 MP: 10/10
  3877 | D:5      | Entered Level 5 of the Dungeon
  3899 | D:5      | Reached skill level 7 in Maces & Flails
  3964 | D:5      | Reached skill level 8 in Maces & Flails
  4070 | D:5      | HP: 1/52 [orc warrior/+0 trident (7)]
  4070 | D:5      | Killed from afar by an orc wizard

Vanquished Creatures
  A black bear (D:4)
  2 phantoms
  A scorpion (D:4)
  3 hounds
  2 sleepcaps
  An iguana (D:5)
  5 adders
  3 gnolls (D:2)
  2 worms (D:2)
  2 dart slugs
  10 orcs
  4 ball pythons
  7 endoplasms
  7 giant cockroaches
  6 goblins
  7 hobgoblins
  3 jackals (D:4)
  2 quokkas (D:3)
  9 bats
  6 frilled lizards
  10 kobolds
  3 rats
96 creatures vanquished.

Vanquished Creatures (others)
  An orc (D:4)
1 creature vanquished.

Grand Total: 97 creatures vanquished

Table legend: (Time is in decaauts)
 A = Elapsed time spent in this place.
 B = Non-inter-level travel time spent in this place.
 C = Inter-level travel time spent in this place.
 D = Time resting spent in this place.
 E = Time spent auto-exploring this place.
 F = Levels seen in this place.
 G = Mean time per level.
                   A        B        C        D        E       F      G
               +--------+--------+--------+--------+--------+-----+--------+
         Total |   4178 |   4044 |    134 |    370 |   2736 |   5 |  835.6 |
       Dungeon |   4178 |   4044 |    134 |    370 |   2736 |   5 |  835.6 |
               +--------+--------+--------+--------+--------+-----+--------+

Top non-repeatable levels by time:
     D:1: 1215 daAuts
     D:2: 986 daAuts
     D:4: 936 daAuts
     D:3: 845 daAuts
     D:5: 194 daAuts

Table legend:
 A = Non-vault XP
 B = Vault XP
 C = Vault XP percentage of total XP
 D = Non-vault monster count
 E = Vault monster count
 F = Vault count percentage of total count
                 A         B        C        D         E       F
            +---------+---------+-------+---------+---------+-------
      Total |     924 |       0 |   0.0 |      96 |       0 |   0.0
            +---------+---------+-------+---------+---------+-------
        D:1 |      42 |       0 |   0.0 |      24 |       0 |   0.0
        D:2 |     101 |       0 |   0.0 |      26 |       0 |   0.0
        D:3 |      42 |       0 |   0.0 |      16 |       0 |   0.0
        D:4 |     461 |       0 |   0.0 |      22 |       0 |   0.0
        D:5 |     278 |       0 |   0.0 |       8 |       0 |   0.0
            +---------+---------+-------+---------+---------+-------
